 Dungeon Crawl Stone Soup version 0.25.1-2-g60ff931df9 (webtiles) character file.

Game seed: 11543097775859462310

272 roke1 the Chiller (level 6, -3/45 HPs)
             Began as a Merfolk Ice Elementalist on Oct 10, 2020.
             Slain by Grinder (7 damage)
             ... on level 3 of the Dungeon.
             The game lasted 00:09:35 (4181 turns).

roke1 the Chiller (Merfolk Ice Elementalist)        Turns: 4181, Time: 00:09:36

Health: -3/45      AC:  4    Str: 10    XL:     6   Next: 23%
Magic:  7/10       EV: 13    Int: 14    God:
Gold:   202        SH:  0    Dex: 15    Spells: 3/11 levels left

rFire    . . .     SeeInvis .   p - +0 whip (elec)
rCold    . . .     Gourm    .   (no shield)
rNeg     . . .     Faith    .   s - +0 leather armour
rPois    .         Spirit   .   h - +0 helmet
rElec    .         Reflect  .   (no cloak)
rCorr    .         Harm     .   (no gloves)
MR       .....                  (no boots)
Stlth    ++........             (no amulet)
HPRegen  0.15/turn              (no ring)
MPRegen  0.12/turn              (no ring)

@: no status effects
A: change form in water, swift swim, stealthy swim
a: no special abilities


You were on level 3 of the Dungeon.
You were not hungry.

You visited 1 branch of the dungeon, and saw 3 of its levels.

You collected 202 gold pieces.

Inventory:

Hand Weapons
 l - a +0 spear
 p - a +0 whip of electrocution (weapon)
Armour
 h - a +0 helmet (worn)
 r - a +0 ring mail
 s - a +0 leather armour (worn)
Jewellery
 j - an uncursed ring of protection from cold {unknown}
Wands
 i - a wand of flame (20)
 t - a wand of random effects (17)
Scrolls
 a - a scroll of blinking {unknown}
 b - a scroll of enchant weapon {unknown}
 f - 2 scrolls of magic mapping
 g - 3 scrolls of amnesia {unknown}
 k - a scroll of immolation {unknown}
 m - a scroll of identify {unknown}
 n - 2 scrolls of teleportation
 o - 4 scrolls of remove curse
Potions
 d - a potion of flight {unknown}
 e - a potion of curing {unknown}
 q - a potion of mutation {unknown}
 u - a potion of stabbing {unknown}
 v - a potion of cancellation {unknown}
Comestibles
 c - 5 rations


   Skills:
 + Level 2.3 Fighting
 - Level 1.0 Polearms
 + Level 4.1 Dodging
 - Level 2.2 Stealth
 + Level 3.0 Spellcasting
 + Level 1.6 Summonings
 * Level 5.9 Ice Magic


You had 3 spell levels left.
You knew the following spells:

 Your Spells              Type           Power        Failure   Level  Hunger
a - Freeze                Ice            ###.         2%          1    #......
b - Frozen Ramparts       Ice            ###...       8%          3    ###....
c - Summon Ice Beast      Ice/Summ       ##......     52%         4    #####..

Your spell library contained the following spells:

 Spells                   Type           Power        Failure   Level  Hunger
 Ozocubu's Armour         Chrm/Ice       ##......     26%         3    ###....
 Hailstorm                Conj/Ice       ##......     65%         4    #####..


Dungeon Overview and Level Annotations

Branches:
Dungeon (3/15)

Altars:
Kikubaaqudgha
Trog

Annotations:
D:3 Grinder


Message History

* * * LOW HITPOINT WARNING * * *
You hit Grinder.
Grinder is severely wounded.
Grinder completely resists.
The wall freezes Grinder but do no damage.
Grinder completely misses you.
You hit Grinder.
Grinder is severely wounded.
The frozen ramparts melt away.
Grinder drinks a potion.
Grinder flickers and vanishes!
Deactivating autopickup; reactivate with Ctrl-A.
Something hits you.
* * * LOW HITPOINT WARNING * * *
You writhe in agony.
* * * LOW HITPOINT WARNING * * *
Casting: Freeze (safe; 2% risk of failure)
Confirm with . or Enter, or press ? or * to list all spells.
You don't know that spell.
Something hits you!
You die...

#......###.......##
##.##.##.# #.###..#
##.....## #.##.##.#
#.# #..# ##...##
#.##.##.# #.###..#
##'## #.......#
#.##...# ##.#####
####.#### #.##.#.#
#......### #.#
#.##.#.# #.<......#
#.# #......#
##...##.#.#### #.#
####.###
#.....@{.........#
#.#
##...#..#.########
#.#######..##..#.#
#..............# #
#########......#
#.......[ #########


There were no monsters in sight!

Vanquished Creatures
  A centaur (D:2)
  Ijyb (D:3)
  Terence (D:3)
  3 gnolls (D:2)
  4 adders
  2 worms (D:2)
  3 leopard geckos
  A ball python (D:1)
  9 bats
  2 giant cockroaches (D:2)
  7 hobgoblins
  10 jackals
  5 quokkas (D:2)
  5 frilled lizards
  5 goblins
  8 kobolds
  6 rats
73 creatures vanquished.

Notes
Turn   | Place    | Note
-------+----------+-------------------------------------------
     0 | D:1      | roke1 the Merfolk Ice Elementalist began the quest for the
                  | Orb.
     0 | D:1      | Reached XP level 1. HP: 13/13 MP: 3/3
   163 | D:1      | Reached XP level 2. HP: 10/20 MP: 0/5
   694 | D:1      | Reached XP level 3. HP: 21/25 MP: 1/6
   696 | D:1      | Reached skill level 1 in Fighting
  1492 | D:2      | Reached skill level 5 in Ice Magic
  1671 | D:2      | Reached XP level 4. HP: 32/32 MP: 5/7
  1862 | D:2      | Learned a level 3 spell: Frozen Ramparts
  1886 | D:2      | Reached skill level 1 in Polearms
  2003 | D:2      | Learned a level 4 spell: Summon Ice Beast
  2610 | D:2      | Noticed a centaur
  2675 | D:2      | Killed a centaur
  2675 | D:2      | Reached skill level 1 in Summonings
  2675 | D:2      | Reached XP level 5. HP: 26/38 MP: 1/9
  3276 | D:3      | Noticed Grinder
  3335 | D:3      | Noticed Terence
  3343 | D:3      | Killed Terence
  3343 | D:3      | Reached XP level 6. HP: 44/44 MP: 6/10
  3458 | D:3      | Found an ancient bone altar of Kikubaaqudgha.
  3684 | D:3      | Found a bloodstained altar of Trog.
  3955 | D:3      | Noticed Ijyb
  3962 | D:3      | Killed Ijyb
  4181 | D:3      | Slain by Grinder

Illustrated notes

Levels and vault maps discovered:
D:1:      dpeg_arrival_rooms_b, layout_loops_ring
D:2:      wad_woods_settlement, layout_basic, chequers_jeans
D:3:      layout_loops_corners, lemuel_doored_altar, trog_book, uniq_grinder,
          uniq_ijyb, uniq_terence

Skill      XL: |  1  2  3  4  5  6 |
---------------+-------------------+-----
Dodging        | 3 4 |  4.1
Fighting       | 1 2 |  2.3
Ice Magic      | 5 |  5.9
Polearms       | 1 |  1.0
Summonings     | 1 |  1.6
Spellcasting   | 3 |  3.0
Stealth        | |  2.2

Action                   |  1- 3 |  4- 6 || total
-------------------------+-------+-------++-------
Melee: Unarmed           |    12 |       ||    12
       Dagger            |    13 |    16 ||    29
       Spear             |     9 |    37 ||    46
       Whip              |       |    37 ||    37
 Cast: Freeze            |    58 |    37 ||    95
       Frozen Ramparts   |       |     3 ||     3
  Use: Scroll            |       |     4 ||     4
 Stab: Sleeping          |     1 |     2 ||     3
  Eat: Chunk             |     3 |     9 ||    12
Armor: Robe              |    19 |    21 ||    40
       Leather armour    |       |     5 ||     5
Dodge: Dodged            |    60 |    78 ||   138
